 Dungeon Sprint DCSS version 0.19.3-4-gbf9329e (webtiles) character file.

797 Kagutsuchi the Destroyer (level 7, -1/36 HPs)
             Began as a Deep Elf Conjurer on Jan 28, 2017.
             Slain by a hippogriff (9 damage)
             ... in the Dungeon (Sprint II: "The Violet Keep of Menkaure").
             The game lasted 00:03:12 (594 turns).

Kagutsuchi the Destroyer (Deep Elf Conjurer)         Turns: 594, Time: 00:03:12

Health: -1/36      AC:  2    Str:  5    XL:     7   Next: 58%
Magic:  1/21       EV: 16    Int: 22    God:
Gold:   486        SH:  0    Dex: 15    Spells: 4 memorised, 12 levels left

rFire  . . .     SeeInvis .       - Unarmed
rCold  . . .     Gourm    .     a - +0 robe
rNeg   . . .     Faith    .     (no shield)
rPois  .         Spirit   .     (no helmet)
rElec  .         Reflect  .     (no cloak)
rCorr  .         Harm     .     (no gloves)
MR     .....     NoTele   +     (no boots)
Stlth  +++.......               (no amulet)
                                (no ring)
                                (no ring)

@: no status effects
A: no striking features
a: no special abilities


You were in the Dungeon.
You were hungry.

You visited 1 branch You collected 486 gold pieces.

Inventory:

Armour
 a - a +0 robe (worn)
Scrolls
 i - a scroll of blinking
Potions
 e - a potion of heal wounds
 f - a potion of haste
Books
 b - a book of Conjurations

   Spells                             Type                      Level
   a - Magic Dart                     Conjuration                  1
   b - Searing Ray                    Conjuration                  2
   c - Dazzling Spray                 Conjuration/Hexes            3
   d - Fulminant Prism                Conjuration/Hexes            4
   e - Iskenderun's Mystic Blast      Conjuration                  4
   f - Iskenderun's Battlesphere      Conjuration/Charms           5
Comestibles
 c - a bread ration


   Skills:
 + Level 6.5 Dodging
 + Level 5.4 Stealth
 + Level 4.0 Unarmed Combat
 + Level 8.8 Spellcasting
 + Level 14.4 Conjurations


You had 12 spell levels left.
You knew the following spells:

 Your Spells              Type           Power        Failure   Level  Hunger
a - Magic Dart            Conj           ####         1%          1    None
b - Searing Ray           Conj           ######       1%          2    None
c - Fulminant Prism       Conj/Hex       #####.....   4%          4    ##.....
d - Iskenderun's Mystic   Conj           ######..     1%          4    ##.....


Dungeon Overview and Level Annotations

Branches:
Dungeon (1/1)

Altars:


Message History

The hippogriff is heavily wounded.
The hippogriff misses you.
The hippogriff pecks you but does no damage.
The hippogriff misses you.
The searing ray hits the hippogriff.
The hippogriff is severely wounded.
The hippogriff closely misses you. The hippogriff barely misses you.
The hippogriff claws you!
The searing ray hits the hippogriff.
The hippogriff is almost dead.
You finish channeling your searing ray.
The hippogriff barely misses you.
The hippogriff pecks you but does no damage.
The hippogriff claws you. The hippogriff bites you!
The hippogriff completely misses you. The hippogriff barely misses you.
The hippogriff barely misses you. The hippogriff pecks you.
The hippogriff claws you.
* * * LOW HITPOINT WARNING * * *
The hippogriff barely misses you. The hippogriff pecks you!
You die...

## ## .# #.
### .#. ##
#.###H# #.##
##..##@###..#
+.##'.<.'##.+
##..##.##.#.#
#.###+###.##
### ###


You could see a hippogriff.

Vanquished Creatures
  A hippogriff (D)
  4 neqoxecs (D)
  4 worker ants (D)
9 creatures vanquished.

Vanquished Creatures (others)
  A crocodile (D)
1 creature vanquished.

Grand Total: 10 creatures vanquished

Notes
Turn   | Place    | Note
-------+----------+-------------------------------------------
     0 | D        | Kagutsuchi the Deep Elf Conjurer began the quest for the Orb.
     0 | D        | Reached XP level 1. HP: 10/10 MP: 6/6
     1 | D        | Noticed a worker ant
     1 | D        | Noticed a worker ant
     1 | D        | Noticed a worker ant
     1 | D        | Noticed a worker ant
     9 | D        | Killed a worker ant
     9 | D        | Reached skill level 6 in Conjurations
     9 | D        | Reached XP level 2. HP: 15/15 MP: 6/8
    12 | D        | Reached skill level 7 in Conjurations
    12 | D        | Reached XP level 3. HP: 17/19 MP: 7/10
    18 | D        | Reached skill level 8 in Conjurations
    18 | D        | Reached XP level 4. HP: 5/24 MP: 8/12
    20 | D        | Reached skill level 1 in Unarmed Combat
    20 | D        | Reached skill level 9 in Conjurations
    22 | D        | HP: 1/24 [poisoned by a worker ant]
    51 | D        | Killed a crocodile
   295 | D        | Learned a level 2 spell: Searing Ray
   300 | D        | Learned a level 4 spell: Fulminant Prism
   305 | D        | Learned a level 4 spell: Iskenderun's Mystic Blast
   311 | D        | Noticed a hippogriff
   311 | D        | Noticed a hippogriff
   315 | D        | Noticed a neqoxec
   316 | D        | Noticed a neqoxec
   320 | D        | Killed a neqoxec
   320 | D        | Reached skill level 5 in Dodging
   320 | D        | Reached skill level 5 in Spellcasting
   320 | D        | Reached skill level 11 in Conjurations
   320 | D        | Reached XP level 5. HP: 24/28 MP: 9/15
   321 | D        | Noticed a neqoxec
   321 | D        | Killed a neqoxec
   321 | D        | Reached skill level 12 in Conjurations
   321 | D        | Reached XP level 6. HP: 27/32 MP: 5/17
   327 | D        | Killed a neqoxec
   327 | D        | Reached skill level 13 in Conjurations
   383 | D        | Noticed a neqoxec
   385 | D        | Killed a neqoxec
   385 | D        | Reached skill level 5 in Stealth
   385 | D        | Reached XP level 7. HP: 15/36 MP: 1/20
   587 | D        | Killed a hippogriff
   587 | D        | Reached skill level 14 in Conjurations
   594 | D        | Slain by a hippogriff

Skill      XL: |  1  2  3  4  5  6  7 |
---------------+----------------------+-----
Dodging        | 3 5 6 |  6.5
Conjurations   | 6 7 8 11 12 13 14 | 14.4
Stealth        | 3 4 5 |  5.4
Spellcasting   | 4 5 6 7 8 |  8.8
Unarmed Combat | 2 3 4 |  4.0

Action                   |  1- 3 |  4- 6 |  7- 9 || total
-------------------------+-------+-------+-------++-------
Melee: Unarmed           |    14 |     2 |       ||    16
 Cast: Iskenderun's Myst |       |    12 |     4 ||    16
       Searing Ray       |       |       |     2 ||     2
  Use: Potion            |     1 |     3 |       ||     4
Armor: Robe              |     1 |       |     3 ||     4
Dodge: Dodged            |     5 |     5 |    15 ||    25
